 Dungeon Crawl Stone Soup version 0.24-a0-335-g06ca16a (webtiles) character file.

Game seed: 8779541267795057042

4731 Inarius the Spear-Bearer (level 10, -9/86 HPs)
             Began as a Centaur Fighter on May 19, 2019.
             Was a Plaything of Xom.
             Mangled by a two-headed ogre
             ... wielding a +0 giant spiked club
              (14 damage)
             ... on level 8 of the Dungeon.
             The game lasted 00:14:15 (7678 turns).

Inarius the Spear-Bearer (Centaur Fighter)          Turns: 7678, Time: 00:14:16

Health: -9/86      AC:  8    Str: 25    XL:     10   Next: 22%
Magic:  12/12      EV:  9    Int: 11    God:    Xom [...*..]
Gold:   387        SH: 13    Dex: 14    Spells: 9/9 levels left

rFire    . . .     SeeInvis .   a - +1 trident
rCold    . . .     Gourm    .   c - +0 shield
rNeg     + . .     Faith    .   B - +4 robe of Augmentation {Str+4 Int+4 Dex+4}
rPois    +         Spirit   .   (no helmet)
rElec    .         Reflect  +   (no cloak)
rCorr    .         Harm     .   (no gloves)
MR       .....                  (no barding)
Stlth    +.........             d - +3 amulet of reflection
HPRegen  0.24/turn              l - ring of poison resistance
MPRegen  0.13/turn              s - ring of positive energy

@: very quick
A: large, hooves 3, deformed body, speed 2, tough skin 3
a: Renounce Religion


You were on level 8 of the Dungeon.
You worshipped Xom.
You were a favourite toy of Xom.
You were very hungry.

You visited 2 branches of the dungeon, and saw 9 of its levels.
You also visited: Sewer.

You collected 387 gold pieces.

Inventory:

Hand Weapons
 a - a +1 trident (weapon)
Armour
 c - a +0 shield (worn)
 o - a +0 chain mail
 B - the +4 robe of Augmentation (worn) {Str+4 Int+4 Dex+4}
   (You found it in a sewer)

   It affects your strength (+4).
   It affects your intelligence (+4).
   It affects your dexterity (+4).
 D - the +2 leather armour of Voppiequti {Str+4}
   (You found it on level 7 of the Dungeon)

   It affects your strength (+4).
Jewellery
 d - a +3 amulet of reflection (around neck)
 l - a ring of poison resistance (left hand)
 r - an uncursed amulet of guardian spirit
 s - a ring of positive energy (right hand)
 A - an uncursed ring of protection from cold
Wands
 b - a wand of iceblast (5)
 h - a wand of random effects (20)
Scrolls
 j - 3 scrolls of teleportation
 n - 7 scrolls of remove curse
 v - a scroll of amnesia
 y - 3 scrolls of blinking {unknown}
 C - a scroll of fear {unknown}
 E - a scroll of torment {unknown}
Potions
 e - 4 potions of heal wounds
 g - a potion of cancellation {unknown}
 i - a potion of haste
 k - a potion of degeneration {unknown}
 m - a potion of berserk rage
 p - 5 potions of lignification
 q - 6 potions of brilliance {unknown}
 t - 4 potions of curing {unknown}
 u - 5 potions of flight {unknown}
 w - a potion of might
 x - a potion of invisibility {unknown}
 z - 2 potions of agility {unknown}
Comestibles
 f - 6 rations


   Skills:
 * Level 7.1 Fighting
 * Level 9.5 Polearms
 + Level 4.6 Armour
 + Level 2.4 Dodging
 + Level 4.4 Shields
 * Level 3.3 Evocations


You had 9 spell levels left.
You didn't know any spells.
Your spell library was empty.

Dungeon Overview and Level Annotations

Branches:
Dungeon (8/15)             Temple (1/1) D:7
   Lair: D:8-11

Altars:
Ashenzari
Cheibriados
Dithmenos
Elyvilon
Fedhas
Gozag
Hepliaklqana
Kikubaaqudgha
Makhleb
Nemelex Xobeh
Okawaru
Qazlal
Ru
Sif Muna
Trog
Uskayaw
Vehumet
Wu Jian
Xom
Yredelemnul
Zin
The Shining One

Shops:
D:4 [(


Innate Abilities, Weirdness & Mutations

You have hooves in place of feet.
Armour fits poorly on your strangely shaped body.
You cover ground very quickly.
You have extremely tough skin. (AC +3)


Message History

Aiming: Iceblast
Press: ? - help, Shift-Dir - straight line, f/p - two-headed ogre
Aim: a two-headed ogre, wielding a +0 giant spiked club and a +0 giant club (severely wounded)
The mass of ice explodes!
The iceblast engulfs the two-headed ogre.
The two-headed ogre is almost dead.
Xom's power touches on your mind for a moment.
The big kobold looks rather confused.
The two-headed ogre looks rather confused.
Unknown command.
Unknown command.
Unknown command.
The two-headed ogre hits you with a +0 giant spiked club!
* * * LOW HITPOINT WARNING * * *
The two-headed ogre hits you with a +0 giant club!
* * * LOW HITPOINT WARNING * * *
You hit the two-headed ogre. You kick the two-headed ogre.
The two-headed ogre is almost dead.
The two-headed ogre hits you with a +0 giant spiked club!
You die...

#.....# #.##..# #.....#
#####.# #.# #.# #.#
#####.#################
)...........K..O@.....#
#####..#############.##
...........#
.##..#.###.# ###..#.#
#.# .....#.###.#
.)...#...).#
.......>#### ######.##


You could see a two-headed ogre (confused) and a big kobold (confused).

Vanquished Creatures
  A two-headed ogre (D:8)
  Grinder (D:4)
  Prince Ribbit (D:5)
  Sigmund (D:3)
  2 hungry ghosts (D:7)
  3 vampire mosquitoes (D:8)
  A black bear (D:6)
  2 phantoms
  2 sky beasts
  6 ogres
  4 big kobolds
  Blork the orc (D:5)
  3 bullfrogs
  4 scorpions
  2 howler monkeys (D:8)
  2 crimson imps
  A centaur zombie (D:7)
  2 jellies
  2 bullfrog zombies
  5 hounds
  2 orc wizards (D:4)
  A centaur skeleton (D:7)
  A bullfrog skeleton (D:6)
  Terence (D:2)
  2 iguanas
  Natasha (thrice) (D:3)
  4 worker ants
  A killer bee zombie (D:6)
  A hound skeleton (D:6)
  8 gnolls
  9 adders
  8 river rats
  A shadow imp (D:7)
  An ooze (D:2)
  An adder zombie (D:8)
  3 adder skeletons
  A worm (D:3)
  2 dart slugs (D:2)
  3 leopard geckos
  8 orcs
  11 ball pythons
  6 giant cockroaches
  4 goblins
  6 hobgoblins
  16 jackals
  5 quokkas
  7 bats
  4 frilled lizards
  A giant cockroach zombie (D:6)
  A jackal skeleton (D:4)
  22 kobolds
  A leopard gecko skeleton (D:4)
  A leopard gecko zombie (D:7)
  A quokka skeleton (D:5)
  23 rats
216 creatures vanquished.

Notes
Turn   | Place    | Note
-------+----------+-------------------------------------------
     0 | D:1      | Inarius the Centaur Fighter began the quest for the Orb.
     0 | D:1      | Reached XP level 1. HP: 19/19 MP: 1/1
   529 | D:2      | Reached skill level 2 in Polearms
   529 | D:2      | Reached XP level 2. HP: 26/26 MP: 2/2
   582 | D:2      | Reached XP level 3. HP: 27/31 MP: 3/3
   669 | D:2      | Noticed a sky beast
   673 | D:2      | Noticed Terence
  1010 | D:2      | Killed Terence
  1010 | D:2      | Reached XP level 4. HP: 21/39 MP: 4/4
  1257 | D:2      | Killed a sky beast
  1257 | D:2      | Reached skill level 3 in Polearms
  1257 | D:2      | Reached XP level 5. HP: 26/46 MP: 5/5
  1725 | D:3      | Noticed Sigmund
  1726 | D:3      | Noticed Natasha
  1743 | D:3      | Killed Natasha
  1971 | D:3      | Noticed Natasha
  1977 | D:3      | Killed Natasha
  1977 | D:3      | Reached XP level 6. HP: 52/52 MP: 6/6
  1991 | D:3      | Noticed Natasha
  1998 | D:3      | Killed Natasha
  1998 | D:3      | Reached skill level 4 in Polearms
  2061 | D:3      | Killed Sigmund
  2464 | D:4      | Found an opulent altar of Gozag.
  2575 | D:4      | Reached XP level 7. HP: 29/60 MP: 7/7
  2623 | D:4      | Reached skill level 5 in Polearms
  2875 | D:4      | Found Xakheunoa's Armour Emporium.
  2915 | D:4      | Found Letees's Antique Weapon Emporium.
  2950 | D:4      | Noticed Grinder
  2957 | D:4      | Paralysed by Grinder for 4 turns
  2969 | D:4      | Killed Grinder
  3089 | D:5      | Entered Level 5 of the Dungeon
  3299 | D:5      | Noticed Prince Ribbit
  3657 | D:5      | Killed Prince Ribbit
  3657 | D:5      | Reached skill level 5 in Fighting
  3657 | D:5      | Reached skill level 6 in Polearms
  3657 | D:5      | Reached skill level 1 in Dodging
  3657 | D:5      | Reached XP level 8. HP: 46/68 MP: 8/8
  3922 | D:5      | Noticed Blork the orc
  3931 | D:5      | Killed Blork the orc
  3939 | D:5      | Found a basalt altar of Yredelemnul.
  4770 | D:6      | Found a glowing drain.
  4791 | Sewer    | Entered a sewer
  4912 | Sewer    | Reached skill level 1 in Evocations
  5151 | Sewer    | Found the +4 robe of Augmentation {Str+4 Int+4 Dex+4}
  5157 | Sewer    | Reached skill level 7 in Polearms
  5923 | D:7      | Reached XP level 9. HP: 74/75 MP: 10/10
  6063 | D:7      | Found a staircase to the Ecumenical Temple.
  6074 | Temple   | Entered the Ecumenical Temple
  6264 | Temple   | Became a worshipper of Xom the Capricious
  6340 | D:7      | XOM: mild Hex miscast
  6425 | D:7      | Found a blossoming altar of Fedhas.
  6431 | D:7      | XOM: potion effect (invisibility)
  6445 | D:7      | XOM: fog
  6447 | D:7      | XOM: divination: magic mapping
  6472 | D:7      | Got a blackened leather armour
  6483 | D:7      | Identified the +2 leather armour of Voppiequti {Str+4} (You
                  | found it on level 7 of the Dungeon)
  6717 | D:7      | Reached skill level 8 in Polearms
  6740 | D:7      | XOM: god gift: 34 gold pieces
  6788 | D:7      | XOM: cast spell 'Alistair's Intoxication'
  6956 | D:8      | XOM: potion effect (berserk rage)
  6961 | D:8      | XOM: 1-stop teleportation journey
  6997 | D:8      | XOM: scenery: 1 doors open
  6998 | D:8      | XOM: enchant monster (good)
  7009 | D:8      | Reached skill level 9 in Polearms
  7013 | D:8      | HP: 3/78 [ogre/+0 giant club (21)]
  7181 | D:7      | XOM: silly message
  7365 | D:8      | XOM: smoke on damage
  7479 | D:8      | Found a radiant altar of Vehumet.
  7537 | D:8      | Noticed a two-headed ogre
  7542 | D:8      | Killed a two-headed ogre
  7542 | D:8      | Reached XP level 10. HP: 76/86 MP: 12/12
  7561 | D:8      | XOM: divination: detect items
  7575 | D:8      | Noticed a two-headed ogre
  7580 | D:8      | XOM: cast spell 'Summon Small Mammal'
  7608 | D:8      | XOM: confuse monster(s)
  7625 | D:8      | XOM: blink monster(s)
  7675 | D:8      | XOM: confuse monster(s)
  7678 | D:8      | Mangled by a two-headed ogre

Levels and vault maps discovered:
D:1:      dpeg_arrival_simpleton_a, layout_basic
D:2:      layout_rooms, uniq_terence
D:3:      layout_loops_ring, first_ration, uniq_natasha, uniq_sigmund
D:4:      layout_rooms, nicolae_gozag_seed_capital, serial_shops, shop_statue,
          nicolae_shop_crystal, minmay_bent, uniq_grinder
D:5:      minmay_angry_zag, layout_loops_ring, lemuel_crystal_altar,
          chequers_serial_rivers_micro_c, uniq_blork_the_orc,
          uniq_prince_ribbit1
D:6:      layout_basic, portal_sewer_entry_b, minivault_19, nrook_loot_triangle,
          kennysheep_cross_bottleneck
D:7:      layout_gridville, old_standard_altar,
          minmay_temple_entry_gardened_gates
D:8:      layout_basic, kennysheep_mini_moat, hangedman_ranch
          [blue_anna_fruit_fields], hangedman_abyss_or_decor_lesser_grid
Temple:   dpeg_five_rooms_temple

Skill      XL: |  1  2  3  4  5  6  7  8  9 |
---------------+----------------------------+-----
Polearms       | 2 3 4 6 7 9 |  9.5
Fighting       | 4 5 7 |  7.1
Armour         | 3 4 |  4.6
Shields        | 3 4 |  4.4
Dodging        | 1 2 |  2.4
Evocations     | 1 3 |  3.3

Action                   |  1- 3 |  4- 6 |  7- 9 | 10-12 || total
-------------------------+-------+-------+-------+-------++-------
Melee: Trident           |    96 |   146 |   475 |    51 ||   768
       Kick              |    14 |    26 |   129 |    18 ||   187
Evoke: Wand              |       |       |     3 |     3 ||     6
  Use: Scroll            |     1 |     5 |     5 |       ||    11
       Potion            |       |     1 |     2 |       ||     3
 Stab: Invisible         |       |       |     5 |       ||     5
       Sleeping          |       |       |     2 |       ||     2
       Distracted        |       |       |     1 |       ||     1
  Eat: Chunk             |       |     4 |    15 |       ||    19
Armor: Scale mail        |    56 |     7 |       |       ||    63
       Chain mail        |       |    56 |    68 |       ||   124
       Robe              |       |       |    27 |     2 ||    29
Dodge: Dodged            |    29 |    16 |    48 |     5 ||    98
Block: Shield            |    45 |    64 |   203 |    12 ||   324
       Reflection        |       |       |     9 |     1 ||    10

Table legend:
 A = Non-vault XP
 B = Vault XP
 C = Vault XP percentage of total XP
 D = Non-vault monster count
 E = Vault monster count
 F = Vault count percentage of total count
                 A         B        C        D         E       F
            +---------+---------+-------+---------+---------+-------
      Total |    5109 |    1650 |  24.4 |     149 |      67 |  31.0
            +---------+---------+-------+---------+---------+-------
        D:1 |      27 |       0 |   0.0 |      13 |       0 |   0.0
        D:2 |     185 |      38 |  17.0 |      24 |       1 |   4.0
        D:3 |     177 |     259 |  59.4 |      14 |       2 |  12.5
        D:4 |     278 |     295 |  51.5 |      17 |       4 |  19.0
        D:5 |     218 |     489 |  69.2 |      15 |       6 |  28.6
        D:6 |     437 |      30 |   6.4 |      13 |       4 |  23.5
        D:7 |    1329 |       0 |   0.0 |      21 |       0 |   0.0
        D:8 |    2458 |     200 |   7.5 |      32 |       2 |   5.9
      Sewer |       0 |     339 | 100.0 |       0 |      48 | 100.0
            +---------+---------+-------+---------+---------+-------
